 Dungeon Crawl Stone Soup version 0.27-a0-46-g34d46f0a3f (webtiles) character file.

Game seed: 10734235152965652757

157383 Deilvir the Geomancer (level 17, -3/104 HPs)
             Began as a Gargoyle Earth Elementalist on Jan 5, 2021.
             Was a High Priest of Vehumet.
             Slain by a death yak (24 damage)
             ... summoned by a spriggan berserker
             ... while paralysed
             ... on level 3 of the Swamp on Jan 6, 2021.
             The game lasted 01:28:43 (35427 turns).

Deilvir the Geomancer (GrEE)                       Turns: 35427, Time: 01:28:43

Health: -3/104     AC: 27    Str: 17    XL:     17   Next: 69%
Magic:  32/32      EV:  2    Int: 33    God:    Vehumet [*****.]
Gold:   2409       SH:  0    Dex: 10    Spells: 7/38 levels left

rFire    + + +     SeeInvis .   R - +7 great mace "Firestarter" {inner flame, rF++}
rCold    + + .     Faith    .   (shield currently unavailable)
rNeg     + . .     Spirit   .   P - +2 robe {Archmagi}
rPois    ∞         Reflect  .   Q - +2 helmet {Int+3}
rElec    +         Harm     .   l - scarf {rC+ rF+}
rCorr    .         Rampage  .   m - -2 pair of gloves of the Unseen Realm {+Inv Str+3 Int+2}
Will     +....                  d - +2 pair of boots
Stlth    ++........             T - amulet of Runeipeo {rC+ Regen+}
HPRegen  0.67/turn              f - +4 ring of protection
MPRegen  0.23/turn              B - ring of the Seven Xalams {+Fly Int+7}

@: paralysed, berserk cooldown, flying, slowed
A: big wings, negative energy resistance 1, electricity resistance, unbreathing,
petrification resistance, miasma immunity, AC +12
a: Stop Flying, Renounce Religion, Evoke Invisibility


You were on level 3 of the Swamp.
You worshipped Vehumet.
Vehumet was extremely pleased with you.
You visited 5 branches of the dungeon, and saw 27 of its levels.
You also visited: Bailey, Gauntlet and Ice Cave.

You collected 3478 gold pieces.
You spent 1069 gold pieces at shops.

Inventory:

Hand Weapons
 w - the +8 whip "Snakebite" {curare, rPois}
   (You found it on level 4 of the Lair of Beasts)

   It poisons the flesh of those it strikes.
   It protects you from poison.
 R - the +7 great mace "Firestarter" (weapon) {inner flame, rF++}
   (You took it off a minotaur in a Gauntlet)

   It has been specially enchanted to burn those struck by it, causing extra
   injury to most foes and up to half again as much damage against particularly
   susceptible opponents.
   It greatly protects you from fire.
Missiles
 b - 838 stones (quivered)
Armour
 d - a +2 pair of boots (worn)
 l - a scarf of resistance (worn)
 m - the -2 pair of gloves of the Unseen Realm (worn) {+Inv Str+3 Int+2}
   (You bought it in a shop on level 2 of the Orcish Mines)

   It affects your strength (+3).
   It affects your intelligence (+2).
   It lets you turn invisible.
 G - +3 steam dragon scales
 M - a +2 robe of cold resistance
 P - a +2 robe of the Archmagi (worn)
 Q - a +2 helmet of intelligence (worn)
Jewellery
 f - a +4 ring of protection (left hand)
 i - the ring "Plog" {+Blink rF- rN++ MP+9 Str+6}
   (You took it off a death knight on level 14 of the Dungeon)

   [ring of strength]

   It affects your strength (+6).
   It makes you vulnerable to fire.
   It greatly protects you from negative energy.
   It affects your magic capacity (+9).
   It lets you blink.
 k - the ring of Linearity {Ice Int+6 Stlth+}
   (You found it on level 6 of the Dungeon)

   [ring of ice]

   It enhances your ice magic.
   It affects your intelligence (+6).
   It makes you vulnerable to fire.
   It protects you from cold.
   It makes you more stealthy.
 B - the ring of the Seven Xalams (right hand) {+Fly Int+7}
   (You bought it in a shop on level 8 of the Dungeon)

   [ring of flight]

   It affects your intelligence (+7).
   It lets you fly.
 J - an uncursed ring of wizardry
 O - the ring of Veekom {SInv Stlth+}
   (You found it in a Gauntlet)

   [ring of stealth]

   It lets you see invisible.
   It makes you more stealthy.
 T - the amulet of Runeipeo (around neck) {rC+ Regen+}
   (You found it on level 14 of the Dungeon)

   [amulet of regeneration]

   It protects you from cold.
   It increases your rate of regeneration.
 U - the ring "Ewaceofu" {rC+ Will+ Stlth+}
   (You took it off a centaur warrior on level 14 of the Dungeon)

   [ring of protection from cold]

   It protects you from cold.
   It affects your willpower, your defense against some magical effects.
   It makes you more stealthy.
Wands
 s - a wand of polymorph (19)
 A - a wand of flame (55)
 E - a wand of paralysis (26)
 F - a wand of digging (7)
 I - a wand of enslavement (14)
 S - a wand of disintegration (20)
Scrolls
 e - 14 scrolls of teleportation
 g - 5 scrolls of identify
 h - 16 scrolls of remove curse
 n - 3 scrolls of enchant armour
 o - a scroll of magic mapping
 t - 2 scrolls of fear
 u - 3 scrolls of fog
 v - a scroll of immolation
 x - 2 scrolls of summoning
 y - 4 scrolls of brand weapon
 C - 2 scrolls of blinking
 N - 4 scrolls of amnesia
 Y - 2 scrolls of enchant weapon
Potions
 a - 8 potions of curing
 c - a potion of might
 j - 9 potions of lignification
 p - 6 potions of haste
 q - 3 potions of brilliance
 r - a potion of berserk rage
 z - 5 potions of attraction
 H - a potion of cancellation
 K - 2 potions of ambrosia
 L - 2 potions of heal wounds
Miscellaneous
 D - a lightning rod (4/4)
 V - a phial of floods
 Z - a phantom mirror


   Skills:
 - Level 11.3 Fighting
 - Level 10.4 Maces & Flails
 - Level 6.0 Armour
 - Level 9.1 Dodging
 - Level 2.1 Stealth
 - Level 11.0 Spellcasting
 - Level 12.1 Conjurations
 - Level 0.7 Transmutations
 + Level 12.5 Fire Magic
 - Level 14.0 Earth Magic
 - Level 10.0 Evocations


You had 7 spell levels left.
You knew the following spells:

 Your Spells              Type           Power        Failure   Level
a - Sandblast             Erth           100%         0%          1
b - Stone Arrow           Conj/Erth      100%         1%          3
c - Lee's Rapid Deconstr  Erth           52%          1%          5
d - Iron Shot             Conj/Erth      51%          1%          6
e - Bolt of Magma         Conj/Fire/Erth 50%          1%          5
f - Starburst             Conj/Fire      49%          1%          6
g - Irradiate             Conj/Tmut      37%          1%          5

Your spell library contained the following spells:

 Spells                   Type           Power        Failure   Level
 Conjure Ball Lightning   Conj/Air       36%          9%          6
 Magic Dart               Conj           100%         0%          1
 Beastly Appendage        Tmut           68%          1%          1
 Shock                    Conj/Air       100%         1%          1
 Passwall                 Tmut/Erth      65%          1%          2
 Searing Ray              Conj           100%         1%          2
 Conjure Flame            Conj/Fire      99%          1%          3
 Dazzling Flash           Conj/Hex       100%         1%          3
 Ignite Poison            Fire/Tmut/Pois 63%          1%          3
 Mephitic Cloud           Conj/Pois/Air  61%          1%          3
 Static Discharge         Conj/Air       72%          1%          3
 Fulminant Prism          Conj/Hex       36%          1%          4
 Iskenderun's Mystic Bla  Conj/Tloc      72%          1%          4
 Petrify                  Tmut/Erth      79%          1%          4
 Lightning Bolt           Conj/Air       36%          1%          5
 Animate Skeleton         Necr           54%          2%          1
 Pain                     Necr           100%         2%          1
 Summon Small Mammal      Summ           100%         2%          1
 Blink                    Tloc           N/A          3%          2
 Call Imp                 Summ           27%          3%          2
 Corpse Rot               Necr/Air       N/A          3%          2
 Poisonous Vapours        Pois/Air       54%          3%          2
 Slow                     Hex            27%          3%          2
 Swiftness                Air            27%          3%          2
 Wereblood                Tmut           34%          3%          2
 Borgnjor's Vile Clutch   Necr/Erth      38%          4%          5
 Spider Form              Tmut/Pois      15%          7%          3
 Airstrike                Air            13%          7%          4
 Call Canine Familiar     Summ           27%          8%          3
 Confusing Touch          Hex            27%          8%          3
 Gell's Gravitas          Tloc           13%          8%          3
 Lesser Beckoning         Tloc           13%          8%          3
 Summon Guardian Golem    Hex/Summ       27%          8%          3
 Teleport Other           Tloc           27%          8%          3
 Vampiric Draining        Necr           13%          8%          3
 Yara's Violent Unravell  Hex/Tmut       15%          16%         5
 Freezing Cloud           Conj/Ice/Air   30%          19%         6
 Ice Form                 Ice/Tmut       30%          22%         4
 Animate Dead             Necr           13%          26%         4
 Dispel Undead            Necr           27%          26%         4
 Passage of Golubria      Tloc           N/A          26%         4
 Summon Ice Beast         Ice/Summ       27%          26%         4
 Summon Lightning Spire   Summ/Air       27%          26%         4
 Blade Hands              Tmut           17%          47%         5
 Alistair's Intoxication  Tmut/Pois      20%          52%         5
 Agony                    Necr           27%          56%         5
 Excruciating Wounds      Necr           13%          56%         5
 Metabolic Englaciation   Hex/Ice        13%          56%         5
 Eringya's Noxious Bog    Tmut/Pois      15%          61%         6
 Death Channel            Necr           13%          98%         6
 Simulacrum               Ice/Necr       13%          98%         6
 Ignition                 Fire           50%          24%         8
 Shatter                  Erth           52%          86%         9
 Tornado                  Air            13%          100%        9
 Sublimation of Blood     Necr           Unusable     N/A         2

Dungeon Overview and Level Annotations

Branches:
Dungeon (15/15)            Temple (1/1) D:6            Lair (6/6) D:11
  Swamp (3/4) Lair:4       Spider (0/4) Lair:4        Slime (0/5) Lair:5
    Orc (2/2) D:9             Elf (0/3) Orc:2        Vaults (0/5) D:14
 Depths (0/5) D:15         Bailey (visited)           IceCv (visited)
Gauntlet (visited)

Altars:
Ashenzari
Cheibriados
Dithmenos
Elyvilon
Fedhas
Gozag
Hepliaklqana
Kikubaaqudgha
Makhleb
Nemelex Xobeh
Okawaru
Qazlal
Ru
Sif Muna
Trog
Uskayaw
Vehumet
Wu Jian
Xom
Yredelemnul
Zin
The Shining One
Beogh

Shops:
D:7 (   D:8 *   D:10 (   D:13 ?   D:14 (   Orc:2 *[([

Annotations:
Swamp:3 1 transporter, anything's ghost, adept HOMo


Innate Abilities, Weirdness & Mutations

You are resistant to torment.
Your stone body is resilient. (AC +12)
You are immune to poison.
Your large and strong wings let you fly indefinitely.
You resist negative energy. (rN+)
You are resistant to electric shocks. (rElec)
You can survive without breathing.
You are immune to petrification.
You are immune to miasma.


Message History

The death yak gores you but does no damage.
The spriggan rider hits you from afar with a +0 spear.
* * * LOW HITPOINT WARNING * * *
The spriggan rider hits you from afar with a +0 spear.
* * * LOW HITPOINT WARNING * * *
The spriggan berserker hits you but does no damage.
You hear a bellow!
You are too berserk!
Unknown command.
You feel a strong urge to attack something.
You hear an angry growl.
The spriggan berserker invokes Trog's protection!
You hear an angry growl.
You are too berserk!
Unknown command.
Unknown command.
You feel your anger nearly subside.
You are no longer berserk.
You pass out from exhaustion.
You feel yourself slow down. The death yak gores you!!
You die...

♣♣♣...©..)≈≈≈≈.≈≈≈≈.♣§≈.♣
♣♣.|.#####...≈≈≈≈≈.≈♣♣...♣
♣..###.©.###..≈§÷..♣♣♣†≈≈♣ ♣♣
♣♣.##....#.###.≈.≈.♣.♣.≈≈≈♣♣♣.
♣..#.....##..#......♣♣.≈≈§..≈≈
♣.##....ii#..##...♣.§...≈.≈≈♣.
♣.#....$Wi#...#..≈...≈≈≈♣♣.♣.♣
♣.#..##|i}iyY.#.≈≈..≈≈♣♣♣♣♣♣♣♣
♣.#..#≈(i|##.@#.§♣.♣♣♣♣
♣.######h#§#.##.≈≈≈♣
♣..##..ii#####.....♣
♣♣♣♣♣.##..Y.i.###..≈..♣♣
♣.♣♣♣..###i©i###.......♣♣
...♣.♣...#####....≈.§..≈♣
..♣........©...≈...≈..≈≈♣♣
......≈..≈.....≈≈.♣...≈.≈♣
.........≈.≈.≈.≈...≈..≈≈♣♣


You could see a death yak (summoned, berserk, inner flame), a spriggan rider
(inner flame), a spriggan berserker (inner flame, regenerating, strong-willed),
a moth of wrath (inner flame), 2 spriggans and anything's ghost (inner flame).

Vanquished Creatures
  A tentacled monstrosity (Swamp:2)
  Jorgrun (Swamp:3)
  Rupert (D:13)
  Frances (Swamp:2)
  Gastronok (D:10)
  An orc warlord (Orc:2)
  Nessos (D:13)
  4 bunyips
  A dire elephant (Lair:6)
  The ghost of Itwuimug the Pandemonic, a journeyman DsWn of Makhleb (Lair:4)
  A minotaur (Gauntlet)
  Snorg (Lair:4)
  3 eleionomae
  A fire dragon (D:15)
  Fannar (D:12)
  An ice dragon (D:15)
  4 vault guards (D:14)
  Erolcha (D:10)
  2 ghost crabs
  9 hydras
  Erica (Lair:2)
  6 centaur warriors
  2 boulder beetles
  3 catoblepae
  4 two-headed ogres
  3 death knights
  12 death yaks
  10 alligators
  A deep troll shaman (Lair:6)
  An orc high priest (Orc:2)
  2 tengu warriors
  The ghost of Sahoed the Covert, a journeyman VSBe of Trog (D:12)
  5 goliath frogs
  2 unseen horrors
  5 skeletal warriors (D:15)
  5 swamp dragons
  2 wizards
  3 deep elf archers (D:14)
  8 bog bodies
  2 orc knights
  3 necromancers (D:14)
  7 oklob plants
  21 ugly things
  A deep elf mage (D:14)
  4 orc sorcerers
  3 cyclopes
  12 elephants
  A will-o-the-wisp (Swamp:2)
  An apocalypse crab (Gauntlet)
  9 black mambas
  2 ice statues (IceCv)
  A torpor snail (Lair:6)
  21 cane toads
  2 minotaur zombies (Gauntlet)
  17 komodo dragons
  2 rime drakes
  A freezing wraith (D:15)
  2 efreet
  A tengu conjurer (D:15)
  A bloated husk (Swamp:2)
  5 polar bears
  4 trolls
  A slime creature (D:14)
  3 hornets
  5 tyrant leeches
  3 meliai (D:15)
  18 blink frogs
  3 spriggans (D:12)
  9 wyverns
  2 shadows (D:14)
  5 wraiths
  33 yaks
  16 humans (D:14)
  9 basilisks
  5 vampire mosquitoes
  Grum (D:10)
  3 steam dragons
  3 wargs
  A two-headed ogre zombie (D:9)
  12 swamp worms
  16 water moccasins
  An acid dragon (D:14)
  2 soldier ants
  Duvessa (D:7)
  A swamp drake (Swamp:2)
  3 phantoms (D:9)
  4 sky beasts
  42 orc warriors
  6 ice beasts (IceCv)
  2 black bears
  A hornet zombie (D:14)
  9 ogres
  38 wolves
  14 centaurs
  Blork the orc (D:6)
  16 bullfrogs
  A gnoll sergeant (D:7)
  2 wyvern zombies
  A wyvern skeleton (D:14)
  Dowan (D:7)
  4 scorpions
  2 troll zombies (D:9)
  4 killer bees (D:7)
  25 wights
  6 electric eels
  4 howler monkeys
  2 centaur zombies
  6 hounds
  A quasit (D:9)
  22 orc wizards
  3 bullfrog skeletons
  A jelly (D:7)
  16 orc priests
  8 centaur skeletons
  Natasha (thrice) (D:4)
  5 iguanas
  10 hell rats
  8 worker ants
  A killer bee zombie (D:8)
  5 ogre zombies (D:9)
  A hound zombie (D:7)
  A hound skeleton (D:8)
  A worker ant zombie (D:7)
  22 adders
  11 gnolls
  2 white imps
  3 ufetubi
  5 oozes
  An adder skeleton (D:5)
  3 worms
  4 dart slugs
  4 leopard geckos
  100 orcs
  A ball python (D:2)
  4 bats
  6 giant cockroaches
  5 goblins
  5 hobgoblins
  2 jackals (D:10)
  7 quokkas
  A ball python skeleton (D:4)
  7 frilled lizards
  4 goblin zombies (D:9)
  3 hobgoblin skeletons (D:9)
  2 hobgoblin zombies (D:9)
  9 kobolds
  16 orc zombies (D:9)
  A quokka skeleton (D:8)
  6 rats
903 creatures vanquished.

Vanquished Creatures (others)
  A quasit (D:14)
  A bush (Lair:5)
  12 demonic plants (Gauntlet)
  14 foxfires (Swamp:2)
  53 fungi
  85 plants
166 creatures vanquished.

Grand Total: 1069 creatures vanquished

Notes
Turn   | Place    | Note
-------+----------+-------------------------------------------
     0 | D:1      | Deilvir the Gargoyle Earth Elementalist began the quest for
                  | the Orb.
     0 | D:1      | Reached XP level 1. HP: 10/10 MP: 3/3
   180 | D:1      | Reached skill level 4 in Earth Magic
   180 | D:1      | Reached XP level 2. HP: 15/15 MP: 5/5
  1065 | D:2      | Reached XP level 3. HP: 16/19 MP: 1/6
  1601 | D:2      | Reached XP level 4. HP: 24/24 MP: 5/8
  1783 | D:2      | Found a white marble altar of Elyvilon.
  1789 | D:2      | Found a sparkling altar of Nemelex Xobeh.
  1789 | D:2      | Found a shimmering altar of Xom.
  1793 | D:2      | Found a shimmering blue altar of Sif Muna.
  1794 | D:2      | Found a sacrificial altar of Ru.
  1835 | D:2      | Reached skill level 5 in Earth Magic
  2577 | D:3      | Learned a level 3 spell: Stone Arrow
  2793 | D:3      | Reached XP level 5. HP: 24/28 MP: 10/10
  2799 | D:3      | Learned a level 5 spell: Lee's Rapid Deconstruction
  2917 | D:3      | Found a basalt altar of Yredelemnul.
  2917 | D:3      | Found a broken altar of Ashenzari.
  3214 | D:3      | Reached skill level 1 in Conjurations
  3302 | D:3      | Found a stormy altar of Qazlal.
  3884 | D:4      | Noticed Natasha
  3891 | D:4      | Killed Natasha
  4094 | D:4      | Reached XP level 6. HP: 31/32 MP: 11/11
  4127 | D:4      | Noticed Natasha
  4133 | D:4      | Killed Natasha
  4135 | D:4      | Reached skill level 6 in Earth Magic
  5094 | D:4      | Noticed Natasha
  5102 | D:4      | Killed Natasha
  5103 | D:4      | Reached XP level 7. HP: 36/36 MP: 8/13
  5285 | D:5      | Entered Level 5 of the Dungeon
  5285 | D:5      | Found an iron altar of Okawaru.
  5495 | D:5      | Found a hide-covered altar of Uskayaw.
  5495 | D:5      | Noticed a +0 dagger
  5495 | D:5      | Noticed a +0 hand axe
  5603 | D:4      | Learned a level 2 spell: Passwall
  5668 | D:5      | Found a snail-covered altar of Cheibriados.
  5807 | D:5      | Reached skill level 5 in Spellcasting
  5807 | D:5      | Reached skill level 7 in Earth Magic
  5811 | D:5      | Reached XP level 8. HP: 41/41 MP: 8/15
  6348 | D:6      | Reached skill level 1 in Fighting
  6348 | D:6      | Reached skill level 1 in Maces & Flails
  6348 | D:6      | Reached skill level 1 in Armour
  6357 | D:6      | Reached skill level 1 in Evocations
  6486 | D:6      | Found a burning altar of Makhleb.
  6625 | D:6      | Found an opulent altar of Gozag.
  6693 | D:6      | Reached skill level 5 in Conjurations
  6855 | D:6      | Found a staircase to the Ecumenical Temple.
  6870 | Temple   | Entered the Ecumenical Temple
  6878 | Temple   | Became a worshipper of Vehumet
  6915 | D:6      | Noticed Blork the orc
  6926 | D:6      | Killed Blork the orc
  7009 | D:6      | Got a heavily runed brass ring
  7015 | D:6      | Identified the ring of Linearity {Ice Int+6 Stlth+} (You
                  | found it on level 6 of the Dungeon)
  7204 | D:7      | Reached skill level 8 in Earth Magic
  7308 | D:7      | Noticed Dowan
  7338 | D:7      | Noticed Duvessa
  7352 | D:7      | Reached XP level 9. HP: 32/48 MP: 6/17
  7354 | D:7      | Killed Duvessa
  7364 | D:7      | Killed Dowan
  7374 | D:7      | Reached * piety under Vehumet
  7374 | D:7      | Offered knowledge of Foxfire by Vehumet.
  7661 | D:7      | Found Renury's Weapon Shop.
  7838 | D:7      | Found a burning altar of Makhleb.
  7838 | D:7      | Noticed a cacodemon
  7842 | D:7      | Noticed an orange demon
  8112 | D:8      | Noticed a two-headed ogre
  8122 | D:8      | Killed a two-headed ogre
  8291 | D:8      | Found Pinakliu's Island Escapes.
  8299 | D:8      | Reached XP level 10. HP: 43/56 MP: 19/19
  8386 | D:8      | Noticed a two-headed ogre
  8394 | D:8      | Killed a two-headed ogre
  8394 | D:8      | Reached ** piety under Vehumet
  8394 | D:8      | Offered knowledge of Shock by Vehumet.
  8395 | D:8      | Reached skill level 9 in Earth Magic
  9014 | D:8      | Found a bloodstained altar of Trog.
  9404 | D:8      | Bought the ring of the Seven Xalams {+Fly Int+7} for 392
                  | gold pieces
  9437 | D:8      | Noticed a two-headed ogre
  9463 | D:8      | Killed a two-headed ogre
  9841 | D:9      | Noticed a two-headed ogre
  9846 | D:9      | Killed a two-headed ogre
 10114 | D:9      | Found a staircase to the Orcish Mines.
 10213 | D:9      | Reached skill level 5 in Armour
 10596 | D:9      | Offered knowledge of Frozen Ramparts by Vehumet.
 10597 | D:9      | Reached skill level 5 in Fighting
 10659 | D:9      | Found a burning altar of Makhleb.
 10671 | D:9      | Reached XP level 11. HP: 63/63 MP: 21/21
 10762 | D:9      | Reached *** piety under Vehumet
 11344 | D:10     | Entered Level 10 of the Dungeon
 11452 | D:10     | Found Jutoec's Weapon Emporium.
 11516 | D:10     | Found a stormy altar of Qazlal.
 11726 | D:10     | Offered knowledge of Sticky Flame by Vehumet.
 11825 | D:10     | Noticed Grum
 11847 | D:10     | Killed Grum
 11872 | D:10     | Reached skill level 5 in Maces & Flails
 11891 | D:10     | Noticed Erolcha
 11895 | D:10     | Killed Erolcha
 11951 | D:10     | Noticed Gastronok
 11965 | D:10     | Killed Gastronok
 11966 | D:10     | Reached skill level 10 in Earth Magic
 11966 | D:10     | Reached skill level 5 in Evocations
 12132 | D:10     | Found a shimmering altar of Xom.
 12136 | D:10     | Reached **** piety under Vehumet
 12490 | D:11     | Found a staircase to the Lair.
 12602 | D:11     | Found a flagged portal.
 12632 | Bailey   | Entered a bailey
 12850 | Bailey   | Offered knowledge of Irradiate by Vehumet.
 13006 | Bailey   | Learned a level 5 spell: Irradiate
 13017 | Bailey   | Noticed an orc knight
 13021 | Bailey   | Reached skill level 5 in Dodging
 13023 | Bailey   | Killed an orc knight
 13694 | D:11     | Reached XP level 12. HP: 71/71 MP: 23/23
 13727 | D:12     | Noticed a centaur warrior
 14171 | D:12     | Killed a centaur warrior
 14572 | D:12     | Noticed Fannar
 14582 | D:12     | Killed Fannar
 14663 | D:12     | Found a runed translucent door.
 15060 | D:12     | Reached ***** piety under Vehumet
 15083 | D:12     | Noticed Sahoed's ghost (journeyman VSBe)
 15083 | D:12     | Identified the cursed +0 spear "Qeeth" {holy, *Corrode rF++
                  | rN+ SInv}
 15291 | D:12     | Offered knowledge of Iskenderun's Battlesphere by Vehumet.
 15597 | D:12     | Reached skill level 11 in Earth Magic
 15806 | D:12     | Killed Sahoed's ghost
 16118 | D:13     | Noticed Rupert
 16125 | D:13     | Noticed Nessos
 16145 | D:13     | Killed Nessos
 16433 | D:13     | Reached XP level 13. HP: 58/78 MP: 13/25
 16476 | D:13     | Killed Rupert
 16573 | D:13     | Found Ubeebug's Magic Scroll Shoppe.
 16577 | D:13     | Bought a scroll of identify for 30 gold pieces
 16577 | D:13     | Bought a scroll of identify for 30 gold pieces
 16577 | D:13     | Bought 2 scrolls of summoning for 285 gold pieces
 16612 | D:13     | Found a shadowy altar of Dithmenos.
 17118 | D:14     | Found a gate leading to a gauntlet.
 17128 | Gauntlet | Entered a Gauntlet
 17128 | Gauntlet | Found a transporter.
 17137 | Gauntlet | Found a transporter.
 17154 | Gauntlet | Found a transporter.
 17157 | Gauntlet | Found a transporter.
 17163 | Gauntlet | Noticed a green death
 17177 | Gauntlet | Found a transporter.
 17187 | Gauntlet | Found a runed translucent door.
 17191 | Gauntlet | Found a transporter.
 17195 | Gauntlet | Found a transporter.
 17198 | Gauntlet | Found a transporter.
 17221 | Gauntlet | Found a transporter.
 17240 | Gauntlet | Found a transporter.
 17242 | Gauntlet | Found a transporter.
 17250 | Gauntlet | Found a transporter.
 17298 | Gauntlet | Got a wavering steel ring
 17300 | Gauntlet | Identified the ring of Veekom {SInv Stlth+} (You found it
                  | in a Gauntlet)
 17411 | Gauntlet | Noticed a minotaur
 17418 | Gauntlet | Killed a minotaur
 17852 | D:14     | Identified the ring "Ewaceofu" {rC+ Will+ Stlth+}
 17871 | D:14     | Identified the ring of Zaolafia {rElec rF+ Dex-4 Slay+2
                  | Stlth+}
 17988 | D:14     | Reached skill level 12 in Earth Magic
 18424 | D:14     | Got a warped bronze amulet
 18425 | D:14     | Identified the amulet of Runeipeo {rC+ Regen+} (You found
                  | it on level 14 of the Dungeon)
 18471 | D:14     | Reached skill level 10 in Conjurations
 18475 | D:14     | Offered knowledge of Starburst by Vehumet.
 18476 | D:14     | Gained mutation: Your large and strong wings let you fly
                  | indefinitely. [Gargoyle growth]
 18476 | D:14     | Reached XP level 14. HP: 72/86 MP: 27/27
 18553 | D:14     | Identified the ring "Plog" {+Blink rF- rN++ MP+9 Str+6}
 18733 | D:14     | Found Vierizy's Weapon Boutique.
 19308 | D:14     | Found a gate to the Vaults.
 19547 | Lair:1   | Entered Level 1 of the Lair of Beasts
 20292 | Lair:1   | Learned a level 6 spell: Starburst
 21005 | Lair:2   | Reached skill level 1 in Fire Magic
 21192 | Lair:2   | Noticed Erica
 21200 | Lair:2   | Killed Erica
 21910 | Lair:3   | Reached skill level 10 in Spellcasting
 22647 | Lair:3   | Reached XP level 15. HP: 86/92 MP: 29/29
 22998 | Lair:4   | Found a runed translucent gate.
 22998 | Lair:4   | Found a runed translucent gate.
 22998 | Lair:4   | Found a runed translucent gate.
 23002 | Lair:4   | Noticed Itwuimug's ghost (journeyman DsWn)
 23077 | Lair:4   | Offered knowledge of Bolt of Magma by Vehumet.
 23078 | Lair:4   | Reached skill level 10 in Fighting
 23099 | Lair:4   | Learned a level 5 spell: Bolt of Magma
 23136 | Lair:4   | Found a staircase to the Swamp.
 23210 | Lair:4   | Found a hole to the Spider Nest.
 23389 | Lair:4   | Reached skill level 13 in Earth Magic
 23796 | Lair:4   | Noticed Snorg
 23800 | Lair:4   | Killed Snorg
 24762 | Lair:4   | Found the +8 whip "Snakebite" {curare, rPois}
 24998 | Lair:4   | Killed Itwuimug's ghost
 25522 | Lair:5   | Reached skill level 5 in Fire Magic
 25904 | Lair:5   | Found a staircase to the Slime Pits.
 26391 | Lair:5   | Offered knowledge of Iron Shot by Vehumet.
 26400 | Lair:5   | Learned a level 6 spell: Iron Shot
 26608 | Lair:6   | Entered Level 6 of the Lair of Beasts
 26992 | Lair:6   | Reached XP level 16. HP: 88/98 MP: 30/30
 27746 | Lair:6   | Reached skill level 10 in Evocations
 28411 | Orc:1    | Entered Level 1 of the Orcish Mines
 28681 | Orc:2    | Entered Level 2 of the Orcish Mines
 28765 | Orc:2    | Found a roughly hewn altar of Beogh.
 29153 | Orc:2    | Found a roughly hewn altar of Beogh.
 29243 | Orc:2    | Found a roughly hewn altar of Beogh.
 29248 | Orc:2    | Offered knowledge of Spellforged Servitor by Vehumet.
 29369 | Orc:2    | Reached skill level 10 in Maces & Flails
 29484 | Orc:2    | Found Sifi's Antique Armour Emporium.
 29485 | Orc:2    | Found a roughly hewn altar of Beogh.
 29487 | Orc:2    | Found Xoujasuj's Antique Weapon Shoppe.
 29496 | Orc:2    | Bought a pair of ichor-stained gloves for 332 gold pieces
 29496 | Orc:2    | Identified the -2 pair of gloves of the Unseen Realm {+Inv
                  | Str+3 Int+2} (You bought it in a shop on level 2 of the
                  | Orcish Mines)
 29570 | Orc:2    | Paralysed by an orc sorcerer for 5 turns
 29589 | Orc:2    | Found a staircase to the Elven Halls.
 29700 | Orc:2    | Found a roughly hewn altar of Beogh.
 29715 | Orc:2    | Found Norua's General Store.
 29827 | Orc:2    | Found a roughly hewn altar of Beogh.
 29828 | Orc:2    | Found Madokk's Armour Emporium.
 29931 | Orc:2    | Found a roughly hewn altar of Beogh.
 30016 | Orc:2    | Found a roughly hewn altar of Beogh.
 30421 | D:15     | Entered Level 15 of the Dungeon
 30516 | D:15     | Found a frozen archway.
 30530 | IceCv    | Entered an ice cave
 30542 | IceCv    | Found a transporter.
 30667 | IceCv    | Found a transporter.
 30968 | D:15     | Paralysed by a wizard for 2 turns
 31470 | D:15     | Offered knowledge of Conjure Ball Lightning by Vehumet.
 31596 | D:15     | Reached skill level 14 in Earth Magic
 31999 | D:15     | Identified the cursed +0 pair of boots of the Gate {rPois
                  | rF+ Dex-2} (You found it on level 15 of the Dungeon)
 32177 | D:15     | Found a staircase to the Depths.
 32198 | D:15     | Upgraded the game from 0.27-a0-40-g5f2be0e231 to
                  | 0.27-a0-46-g34d46f0a3f
 32442 | Swamp:1  | Entered Level 1 of the Swamp
 32454 | Swamp:1  | Reached XP level 17. HP: 82/104 MP: 32/32
 32814 | Swamp:1  | You are sucked into a shaft and drop 1 floor!
 33192 | Swamp:2  | Reached skill level 10 in Fire Magic
 33740 | Swamp:2  | Noticed Frances
 33744 | Swamp:2  | Killed Frances
 33906 | Swamp:2  | Noticed a tentacled monstrosity
 33924 | Swamp:2  | HP: 2/104 [tentacled monstrosity (5)]
 33925 | Swamp:2  | Killed a tentacled monstrosity
 34732 | Swamp:3  | Noticed anything's ghost (adept HOMo)
 34738 | Swamp:3  | Found a bloodstained altar of Trog.
 34738 | Swamp:3  | Noticed Jorgrun
 34739 | Swamp:3  | Identified the +4 broad axe "Ucarch" {antimagic, *Drain
                  | rF++ Dex+8}
 34752 | Swamp:3  | Killed Jorgrun
 34836 | Swamp:3  | Identified the +4 broad axe "Lulyzuh" {flame, rC++ Int-5
                  | Dex+7}
 35350 | Swamp:3  | Found a transporter.
 35387 | Swamp:3  | Found a transporter.
 35427 | Swamp:3  | Slain by a death yak

Illustrated notes

Levels and vault maps discovered:
D:1:      minmay_arrival_wavy_path, layout_basic, serial_bayou,
          serial_bayou_ford_a, serial_bayou_lagoon_a, serial_bayou_pond_a,
          serial_bayou_pond_b
D:2:      layout_loops_corners, minitemple
D:3:      layout_basic, old_standard_altar, gammafunk_temple_overflow_elements,
          corexii_hall_statues_i
D:4:      layout_basic, corexii_checkpoint_b, solitary_fountain,
          minmay_strange_pillars, hex_large, due_unseen_surprise, uniq_natasha
D:5:      layout_rooms, dancing_weapons_uskayaw, basic_altar,
          corexii_hall_statues_l, lemuel_statue_altar
D:6:      layout_loops_cross, minmay_temple_entry_slanted, basic_altar,
          grunt_gozag_statues, uniq_blork_the_orc
D:7:      layout_rooms, serial_shops, shop, makhleb_altar_promises_db,
          uniq_duvessa
D:8:      layout_layer_cave, basic_altar, nicolae_island_escapes
D:9:      layout_cave_pods, marbit_many_paths, zombieorc2_lemuel
D:10:     kennysheep_steamy, layout_basic, basic_altar, serial_shops, shop,
          kennysheep_small_spiral, kennysheep_another_room, grunt_qazlal_clouds,
          uniq_grum, uniq_gastronok, uniq_erolcha
D:11:     layout_rooms, david_lair_shrubbed, enter_bailey_2
D:12:     layout_gridville, ebering_ghost_funeral_grove, uniq_fannar
D:13:     layout_irregular_city, serial_shops, shop, serial_column_ruins,
          column_ruins_hut, column_ruins_hut, column_ruins_open_medium,
          column_ruins_columns_straight, column_ruins_columns_straight,
          column_ruins_corridor_corner, column_ruins_open_small,
          nicolae_dithmenos_through_a_glass_darkly, uniq_nessos, uniq_rupert
D:14:     minmay_the_grid_triangle_9x9_recursive_2_mashed
          [minmay_the_grid_triangle_9x9_prize_special,
          minmay_the_grid_triangle_9x9_skeleton,
          minmay_the_grid_triangle_9x9_intruding_spiral,
          minmay_the_grid_triangle_9x9_stretched_checkered], layout_cave_pools,
          grunt_vaults_entry_tiered, minmay_splitting_lines, serial_shops,
          nicolae_shop_stone, gauntlet_entry_generic, kennysheep_generic_room_8
D:15:     grunt_enter_depths_hoard, layout_loops_corners,
          chequers_serial_rivers_room_b, special_room
          [special_room_mythical_zoo], portal_ice_cave_entry_pillars_1
Temple:   nicolae_temple_no_exploring_needed
Lair:1:   layout_cellular_growth, st_stairs_5, chequers_serial_rivers_room_b,
          serial_bayou_shore_b, grunt_megastairs_5
Lair:2:   layout_cave_pods, uniq_erica
Lair:3:   layout_concentric_octagons, grunt_megastairs_3,
          infiniplex_staircase_pool
Lair:4:   minmay_guarded_unrand_snakebite, layout_layer_cave,
          skrybe_swamp_entry_bodies, spider_nest_entry_web_field,
          gammafunk_ghost_split, minmay_shattered_shrine,
          minmay_lair_oklob_chamber, uniq_snorg
Lair:5:   layout_loops_ring, minmay_slime_entry_oklob_open
Lair:6:   grunt_lair_end_beastmaster, layout_gridlike, serial_bayou_shore_b,
          lemuel_fruit_tree
Swamp:1:  layout_basic_swamp, nicolae_swamp_round_clearing
Swamp:2:  layout_basic_swamp, evilmike_swamp_ruin_house_4, swamp_pool1,
          grunt_hermit_hut, uniq_frances
Swamp:3:  layout_falls_marsh, gammafunk_ghost_wrathful_warriors,
          nicolae_swamp_triple_paths, uniq_jorgrun
Orc:1:    layout_diamond_mine
Orc:2:    grunt_orc_community_town_hall, layout_caves,
          grunt_orc_community_big_house_2, grunt_orc_community_big_house_1,
          grunt_orc_community_house_3, grunt_orc_community_house_1,
          grunt_orc_community_house_1, grunt_orc_community_house_1,
          grunt_orc_community_house_3, grunt_orc_community_house_2, basic_altar

Skill      XL: |  1  2  3  4  5  6  7  8  9 10 11 12 13 14 15 16 17 |
---------------+----------------------------------------------------+-----
Earth Magic    | 4 5 6 7 8 9 10 11 12 13 14 | 14.0
Spellcasting   | 3 4 5 6 7 8 9 10 11 | 11.0
Conjurations   | 2 3 4 5 6 7 8 9 10 11 12 | 12.1
Fighting       | 2 3 5 6 7 9 10 11 | 11.3
Maces & Flails | 1 3 4 5 6 8 9 10 | 10.4
Armour         | 2 3 5 6 |  6.0
Evocations     | 1 3 4 5 6 7 8 9 10 | 10.0
Dodging        | 2 3 4 5 6 7 8 9 |  9.1
Fire Magic     | 2 5 8 12 | 12.5
Stealth        | |  2.1
Transmutations | |  0.7

Action                   |  1- 3 |  4- 6 |  7- 9 | 10-12 | 13-15 | 16-18 || total
-------------------------+-------+-------+-------+-------+-------+-------++-------
Melee: Dagger            |    82 |    64 |       |       |       |       ||   146
       Club              |     6 |       |       |       |       |       ||     6
       Mace              |       |   125 |    64 |       |       |       ||   189
       Trident           |       |       |   176 |   584 |    16 |       ||   776
       Great mace        |       |       |       |       |   424 |   416 ||   840
Throw: Stone             |     1 |       |       |       |       |       ||     1
 Cast: Sandblast         |    20 |    45 |    59 |    51 |    37 |    15 ||   227
       Passwall          |       |       |     2 |       |       |       ||     2
       Lee's Rapid Decon |       |       |     6 |    44 |    69 |    23 ||   142
       Stone Arrow       |       |       |     2 |    16 |    13 |       ||    31
       Irradiate         |       |       |       |     3 |     7 |       ||    10
       Starburst         |       |       |       |       |     2 |    18 ||    20
       Bolt of Magma     |       |       |       |       |    44 |    87 ||   131
 Abil: Fly               |       |       |       |       |     1 |       ||     1
Evoke: Wand              |       |       |       |    10 |     1 |     1 ||    12
       Lightning rod     |       |       |       |     3 |     6 |       ||     9
  Use: Potion            |     1 |       |       |     5 |     3 |     4 ||    13
       Scroll            |       |     9 |     8 |    15 |    12 |    11 ||    55
 Stab: Sleeping          |       |     7 |     5 |     9 |       |     2 ||    23
       Distracted        |       |       |     1 |       |     1 |       ||     2
       Paralysed         |       |       |       |    12 |       |       ||    12
       Invisible         |       |       |       |       |       |     1 ||     1
Armor: Robe              |    30 |    94 |   149 |   130 |   373 |   390 ||  1166
       Steam dragon scal |       |       |       |   242 |     6 |       ||   248
Dodge: Dodged            |    54 |   164 |   204 |   472 |   527 |   561 ||  1982

Table legend: (Time is in decaauts)
 A = Elapsed time spent in this place.
 B = Non-inter-level travel time spent in this place.
 C = Inter-level travel time spent in this place.
 D = Time resting spent in this place.
 E = Time spent auto-exploring this place.
 F = Levels seen in this place.
 G = Mean time per level.
                   A        B        C        D        E       F      G
               +--------+--------+--------+--------+--------+-----+--------+
         Total |  36001 |  34410 |   1591 |   7401 |  19582 |  30 | 1200.0 |
       Dungeon |  20510 |  19582 |    928 |   4014 |  11004 |  15 | 1367.3 |
        Temple |     15 |      8 |      7 |      0 |      0 |   1 |   15.0 |
          Lair |   9033 |   8546 |    487 |   1726 |   5364 |   6 | 1505.5 |
         Swamp |   3010 |   2945 |     65 |    653 |   1807 |   3 | 1003.3 |
  Orcish Mines |   1940 |   1838 |    102 |    395 |    966 |   2 |  970.0 |
        Bailey |    741 |    741 |      0 |    235 |    293 |   1 |  741.0 |
      Ice Cave |    169 |    169 |      0 |     82 |      0 |   1 |  169.0 |
      Gauntlet |    580 |    580 |      0 |    296 |    148 |   1 |  580.0 |
               +--------+--------+--------+--------+--------+-----+--------+

Top non-repeatable levels by time:
  Lair:4: 2682 daAuts
    D:14: 2128 daAuts
     D:8: 1922 daAuts
    D:11: 1713 daAuts
     D:9: 1675 daAuts
    D:15: 1649 daAuts
     D:4: 1647 daAuts
  Lair:6: 1622 daAuts
     D:2: 1566 daAuts
 Swamp:2: 1374 daAuts
   Orc:2: 1373 daAuts
  Lair:1: 1281 daAuts
     D:3: 1272 daAuts
  Lair:2: 1259 daAuts
    D:12: 1245 daAuts
